 Dungeon Crawl Stone Soup version 0.19-a0-684-gf760df0 (webtiles) character file.

91 scalarboson the Chopper (level 4, -2/37 HPs)
             Began as a Draconian Gladiator on June 17, 2016.
             Slain by a gnoll
             ... wielding a +0 halberd
              (8 damage)
             ... on level 2 of the Dungeon.
             The game lasted 00:05:16 (1760 turns).

scalarboson the Chopper (Draconian Gladiator)       Turns: 1760, Time: 00:05:17

Health: -2/37      AC:  5    Str: 19    XL:     4   Next: 34%
Magic:  4/4        EV: 13    Int:  8    God:
Gold:   85         SH:  0    Dex: 11    Spells: 0 memorised, 3 levels left

rFire  . . .     SeeInvis .     a - +0 war axe
rCold  . . .     Gourm    .     (armour unavailable)
rNeg   . . .     Faith    .     (no shield)
rPois  .         Spirit   .     b - +0 hat
rElec  .         Dismiss  .     (no cloak)
rCorr  .         Reflect  .     (no gloves)
SustAt .         Harm     .     (no boots)
MR     .....                    (no amulet)
Stlth  +.........               (no ring)
                                (no ring)

@: not resistant to hostile enchantments, very unstealthy
A: unfitting armour, cold-blooded, AC +5
a: no special abilities


You were on level 2 of the Dungeon.
You were not hungry.

You visited 1 branch of the dungeon, and saw 2 of its levels.

You collected 85 gold pieces.

Inventory:

Hand Weapons
 a - a +0 war axe (weapon)
Missiles
 c - 3 throwing nets (quivered)
Armour
 b - a +0 hat (worn)
Scrolls
 e - a scroll of immolation {unknown}
 g - a scroll of enchant armour {unknown}
Potions
 f - a potion of degeneration {unknown}
 i - a potion of brilliance {unknown}
 l - a potion of magic {unknown}
Comestibles
 d - a bread ration


   Skills:
 + Level 2.6 Fighting
 + Level 4.0 Axes
 + Level 2.0 Throwing
 + Level 3.6 Dodging
 + Level 0.2 Stealth


You had 3 spell levels left.
You didn't know any spells.

Dungeon Overview and Level Annotations

Branches:
Dungeon (2/15)

Altars:
Gozag
Kikubaaqudgha


Innate Abilities, Weirdness & Mutations

Your plain brown scales are hard. (AC +5)
Your body does not fit into most forms of armour.
You are cold-blooded and may be slowed by cold attacks.


Message History

The gnoll is severely wounded.
The gnoll closely misses you. x2
You slash the gnoll!
You kill the gnoll!
You hit the worm.
The worm is lightly wounded.
The gnoll closely misses you. The worm bites you! The worm bites you!
* * * LOW HITPOINT WARNING * * *
The gnoll closely misses you.
You hit the gnoll but do no damage. You slash the worm!
The worm is heavily wounded.
The gnoll closely misses you. The worm closely misses you.
You barely miss the gnoll.
You tail-slap the gnoll, but do no damage.
You hit the worm but do no damage.
The worm is moderately wounded.
The gnoll closely misses you.
The gnoll hits you from afar with a halberd!
You die...

#.# *,*******##.,# #.# *,*
*,,* #.# *,*********,,# #.#
*,,,,,,,,,,,.. #.#
***********,.. #.# *,,,
#.########*****,..
*****#######.#?......,,,,*,..
*,,,,.......@wg......,,<,*,.#
*****#########.......,,,,*,..
*.......,,,,**,#
*.......,,,,**,#
*.......,,,,**,#
*.......,,,,*#,#
*#######*****#.# #.. *##


You could see a worm and a gnoll.

Vanquished Creatures
  An adder (D:2)
  3 gnolls (D:2)
  A worm (D:2)
  5 giant geckos
  6 bats
  5 giant cockroaches
  4 hobgoblins
  2 jackals (D:1)
  A quokka (D:2)
  A giant newt (D:1)
  3 goblins (D:1)
  7 kobolds
  5 rats
44 creatures vanquished.

Notes
Turn   | Place    | Note
--------------------------------------------------------------
     0 | D:1      | scalarboson the Draconian Gladiator began the quest for the Orb.
     0 | D:1      | Reached XP level 1. HP: 17/17 MP: 1/1
    74 | D:1      | Reached XP level 2. HP: 23/24 MP: 2/2
   809 | D:1      | Reached XP level 3. HP: 21/29 MP: 3/3
  1281 | D:2      | Found an ancient bone altar of Kikubaaqudgha.
  1651 | D:2      | Found an opulent altar of Gozag.
  1749 | D:2      | Reached XP level 4. HP: 35/37 MP: 4/4
  1751 | D:2      | Reached skill level 4 in Axes
  1760 | D:2      | Slain by a gnoll

Vault maps used:
D:1:      dpeg_arrival_pits
D:2:      lemuel_round_altar, lemuel_doored_altar

Skill      XL: |  1  2  3  4 |
---------------+-------------+-----
Dodging        | 3 |  3.6
Throwing       | 2 |  2.0
Axes           | 4 |  4.0
Fighting       | |  2.6
Stealth        | |  0.2

Action                   |  1- 3 |  4- 6 || total
-------------------------+-------+-------++-------
Melee: War axe           |   112 |     8 ||   120
       Tailslap          |    11 |     1 ||    12
  Use: Scroll            |     5 |       ||     5
  Eat: Meat ration       |     1 |       ||     1
Armor: Skin              |    34 |     1 ||    35
Dodge: Dodged            |   101 |    13 ||   114
